 Dungeon Sprint DCSS version 0.21-a0-216-g6d3fd91 (webtiles) character file.

212 potatolord6000 the Covered (level 6, -7/79 HPs)
             Began as a Human Fighter on Aug 23, 2017.
             Mangled by a neqoxec (11 damage)
             ... in the Dungeon (Sprint II: "The Violet Keep of Menkaure").
             The game lasted 00:01:14 (59 turns).

potatolord6000 the Covered (Human Fighter)            Turns: 59, Time: 00:01:15

Health: -7/79      AC:  4    Str: 24    XL:     6   Next: 13%
Magic:  6/6        EV:  8    Int:  6    God:
Gold:   243        SH: 10    Dex: 10    Spells: 5/5 levels left

rFire    . . .     SeeInvis .   a - +0 long sword
rCold    . . .     Gourm    .   c - +0 shield
rNeg     . . .     Faith    .   b - +0 scale mail
rPois    .         Spirit   .   (no helmet)
rElec    .         Reflect  .   (no cloak)
rCorr    .         Harm     .   (no gloves)
MR       .....     NoTele   +   (no boots)
Stlth    ..........             (no amulet)
HPRegen  0.23/turn              (no ring)
MPRegen  0.10/turn              (no ring)

@: mighty, berserking, very quick
A: blurry vision 1, clumsy 1, deformed body, dopey 1, MP-powered wands
a: no special abilities


You were in the Dungeon.
You were not hungry.

You visited 1 branch You collected 243 gold pieces.

Inventory:

Hand Weapons
 a - a +0 long sword (weapon)
Armour
 b - a +0 scale mail (worn)
 c - a +0 shield (worn)
Scrolls
 k - a scroll of blinking
Potions
 i - 2 potions of magic
Comestibles
 f - a bread ration


   Skills:
 + Level 6.5 Fighting
 + Level 6.1 Long Blades
 + Level 6.5 Armour
 + Level 6.5 Shields


You had 5 spell levels left.
You didn't know any spells.

Dungeon Overview and Level Annotations

Branches:
Dungeon (1/1)

Altars:


Innate Abilities, Weirdness & Mutations

Scrolls take you a little longer to read.
You are clumsy. (Dex -2)
Armour fits poorly on your strangely shaped body.
You are dopey. (Int -2)
You expend magic power (3 MP) to strengthen your wands.


Message History

You slash the neqoxec!
The neqoxec is severely wounded.
The neqoxec hits you!
* * * LOW HITPOINT WARNING * * *
The neqoxec barely misses you.
Unknown command.
Unknown command.
You barely miss the neqoxec.
The neqoxec is severely wounded.
You block the neqoxec's attack.
You closely miss the neqoxec.
The neqoxec is severely wounded.
The neqoxec barely misses you. The neqoxec hits you.
* * * LOW HITPOINT WARNING * * *
Unknown command.
Unknown command.
You barely miss the neqoxec.
The neqoxec is severely wounded.
The neqoxec hits you!
You die...

## ## ##.
.## #..#..#
#.# ## ##
#†# #.##..#
##.###..#..#
+.<.'##33..#
##.##.#@#
#+###.## ###


You could see 2 neqoxecs.

Vanquished Creatures
  A neqoxec (D)
  4 worker ants (D)
5 creatures vanquished.

Vanquished Creatures (others)
  Menkaure (D)
  A crocodile (D)
2 creatures vanquished.

Grand Total: 7 creatures vanquished

Notes
Turn   | Place    | Note
-------+----------+-------------------------------------------
     0 | D        | potatolord6000 the Human Fighter began the quest for the Orb.
     0 | D        | Reached XP level 1. HP: 18/18 MP: 1/1
     1 | D        | Noticed a worker ant
     1 | D        | Noticed a worker ant
     8 | D        | Killed a worker ant
     8 | D        | Reached XP level 2. HP: 18/25 MP: 2/2
     8 | D        | Reached XP level 3. HP: 22/30 MP: 3/3
    23 | D        | Reached XP level 4. HP: 11/38 MP: 4/4
    26 | D        | Reached skill level 5 in Fighting
    26 | D        | Reached skill level 5 in Armour
    26 | D        | Reached skill level 5 in Shields
    35 | D        | Noticed a neqoxec
    35 | D        | Gained mutation: You expend magic power (3 MP) to strengthen your wands. [a neqoxec]
    36 | D        | Killed a crocodile
    37 | D        | Gained mutation: Armour fits poorly on your strangely shaped body. [a neqoxec]
    42 | D        | Killed Menkaure
    43 | D        | Gained mutation: Scrolls take you a little longer to read. [a neqoxec]
    44 | D        | Gained mutation: You are dopey. (Int -2) [a neqoxec]
    45 | D        | Killed a neqoxec
    45 | D        | Reached XP level 5. HP: 15/47 MP: 5/5
    45 | D        | Reached XP level 6. HP: 17/53 MP: 6/6
    46 | D        | Noticed a neqoxec
    47 | D        | Noticed a neqoxec
    50 | D        | HP: 1/53 [neqoxec (5)]
    53 | D        | Gained mutation: You are clumsy. (Dex -2) [a neqoxec]
    59 | D        | Mangled by a neqoxec

Vault maps used:
D:        the_violet_keep_of_menkaure

Skill      XL: |  1  2  3  4 |
---------------+-------------+-----
Fighting       | 4 6 |  6.5
Long Blades    | 3 4 6 |  6.1
Armour         | 4 6 |  6.5
Shields        | 4 6 |  6.5

Action                   |  1- 3 |  4- 6 || total
-------------------------+-------+-------++-------
Melee: Long sword        |    18 |    20 ||    38
  Use: Potion            |     1 |     4 ||     5
Armor: Scale mail        |     4 |     1 ||     5
Dodge: Dodged            |     8 |     5 ||    13
Block: Shield            |     9 |     6 ||    15
       Rpst.: Long sword |     6 |     2 ||     8

Table legend:
 A = Spawn XP
 B = Non-spawn XP
 C = Spawn XP percentage of total XP
 D = Spawn monster count
 E = Non-spawn monster count
 F = Spawn count percentage of total count
 G = Total turns spent on level
                    A         B        C        D         E        F      G
               +---------+---------+-------+---------+---------+-------+---------
         Total |       0 |     303 |   0.0 |       0 |       5 |   0.0 |    59
               +---------+---------+-------+---------+---------+-------+---------
             D |       0 |     303 |   0.0 |       0 |       5 |   0.0 |    59
               +---------+---------+-------+---------+---------+-------+---------
